 Dungeon Crawl Stone Soup version 0.30-a0-121-gb27577e5d9 (webtiles) character file.

Game seed: 10330396361774989062

55 Dreamer the Shield-Bearer (level 4, -7/37 HPs)
             Began as a Formicid Fighter on Sept 14, 2022.
             Mangled by Terence
             ... wielding a +0 trident
              (12 damage)
             ... on level 2 of the Dungeon.
             The game lasted 00:02:53 (1378 turns).

Dreamer the Shield-Bearer (Formicid Fighter)        Turns: 1378, Time: 00:02:54

Health: -7/37      AC:  7    Str: 22    XL:     4   Next: 14%
Magic:  4/4        EV:  9    Int:  8    God:
Gold:   76         SH:  5    Dex: 13    Spells: 3/3 levels left

rFire   . . .      SeeInvis +    a - +0 flail
rCold   . . .      Faith    .    c - +0 buckler
rNeg    . . .      Spirit   .    b - +0 scale mail
rPois   .          Reflect  .    (helmet unavailable)
rElec   .          Harm     .    (no cloak)
rCorr   .          Rampage  .    (no gloves)
Will    .....                    (no boots)
Stlth   ..........               (no amulet)
HPRegen 0.12/turn                (no ring)
MPRegen 0.09/turn                (no ring)

@: no status effects
A: permanent stasis, dig shafts and tunnels, antennae 3, four strong arms
a: Dig, Shaft Self


You were on level 2 of the Dungeon.
You visited 1 branch of the dungeon, and saw 2 of its levels.

You collected 76 gold pieces.

Inventory:

Hand Weapons
 a - a +0 flail (weapon)
Armour
 b - a +0 scale mail (worn)
 c - a +0 buckler (worn)
Scrolls
 e - a scroll of amnesia {unknown}
 f - 2 scrolls of identify {unknown}
 h - a scroll of vulnerability {unknown}
Potions
 d - a potion of might
 g - a potion of brilliance {unknown}
 i - a potion of lignification {unknown}


   Skills:
 + Level 3.7 Fighting
 * Level 3.0 Maces & Flails
 + Level 3.7 Armour
 + Level 4.5 Shields


You had 3 spell levels left.
You didn't know any spells.
Your spell library was empty.

Dungeon Overview and Level Annotations

Branches:
Dungeon (2/15)

Altars:

Shops:
D:2 (

Annotations:
D:2 Terence


Innate Abilities, Weirdness & Mutations

You cannot be hasted, slowed, berserked, paralysed or teleported.
You can dig through walls and to a lower floor.
You have a pair of large antennae on your head. (SInv)
Your four strong arms can wield two-handed weapons with a shield.


Message History

You hit the goblin.
You kill the goblin!
Your Maces & Flails skill increases to level 3!
Found 7 gold pieces.
You see here a +0 dagger.
Found a ring mail.
There is a stone staircase leading down here.
You now have 56 gold pieces (gained 7).
You now have 66 gold pieces (gained 10).
You open the door.
There is an open door here.
Found a stone staircase leading down.
There is a stone staircase leading down here.
You sense a monster nearby.
You now have 76 gold pieces (gained 10).
A goblin comes into view.
It is wielding a +2 dagger of protection.
The goblin moves out of view.
The goblin hits you but does no damage.
You sock the goblin!
You kill the goblin!
You see here a +2 dagger of protection.
Found 3 stones.
You see here 3 stones.
Found a stone staircase leading up.
You sense a monster nearby.
Terence the Incautious comes into view.
He is wielding a +0 trident.
Terence hits you but does no damage.
A hobgoblin comes into view.
The hobgoblin shouts!
Terence bares his teeth.
Terence hits you with a +0 trident!
You hit Terence but do no damage.
Terence drinks a potion.
Terence seems to grow stronger.
Terence hits you with a +0 trident.
You barely miss Terence. Terence hits you with a +0 trident!
You closely miss Terence. Terence hits you with a +0 trident!
* * * LOW HITPOINT WARNING * * *
You barely miss Terence. Terence hits you with a +0 trident.
* * * LOW HITPOINT WARNING * * *
You barely miss Terence. Terence hits you with a +0 trident!
You die...

...............)...>.....#
###.....#.#####.##...#####
###.#####.# #.##...# ......#
#.# #.##...# ......# #.
#.##...######### ......# .
#.##...........# ###.### ...
..##...........#
###.###.......#####'#........#
..............g@@.#.#........#
...####.......###.#.#........#
.....# ... #.#.#.#........#
...#.# # #...#.#........#
)..#.## #.###.#........#
...#..# #..............#
...##.#############.#........#
###.................#........#
....#..###########..####.#####


You could see Terence (strong) and a hobgoblin.

Vanquished Creatures
  2 adders (D:2)
  A worm (D:2)
  A dart slug (D:1)
  3 bats
  2 endoplasms
  2 giant cockroaches
  4 goblins
  4 hobgoblins
  2 quokkas (D:1)
  3 ball pythons
  2 frilled lizards
  2 kobolds (D:1)
  2 rats
30 creatures vanquished.

Notes
Turn   | Place    | Note
-------+----------+-------------------------------------------
     0 | D:1      | Dreamer the Formicid Fighter began the quest for the Orb.
     0 | D:1      | Reached XP level 1. HP: 18/18 MP: 1/1
   124 | D:1      | Reached XP level 2. HP: 20/24 MP: 2/2
   644 | D:2      | Reached XP level 3. HP: 29/29 MP: 3/3
   984 | D:2      | Found Eruiloux's Antique Weapon Shop.
  1053 | D:2      | Reached XP level 4. HP: 31/37 MP: 4/4
  1371 | D:2      | Noticed Terence
  1378 | D:2      | Mangled by Terence

Illustrated notes

Levels and vault maps discovered:
D:1:      psy_arrival_terrarium, layout_rooms, roderic_roman_lattice,
          nicolae_kite_square_tiling_tiny
D:2:      layout_basic, serial_shops, nicolae_shop_stone, uniq_terence

Skill      XL: |  1  2  3  4 |
---------------+-------------+-----
Maces & Flails | 3 |  3.0
Fighting       | |  3.7
Armour         | |  3.7
Shields        | |  4.5

Action                   |  1- 3 |  4- 6 || total
-------------------------+-------+-------++-------
Melee: Flail             |    86 |     8 ||    94
Armor: Scale mail        |    35 |     2 ||    37
Dodge: Dodged            |    26 |     1 ||    27
Block: Buckler           |    38 |     1 ||    39

Table legend: (Time is in decaauts)
 A = Elapsed time spent in this place.
 B = Non-inter-level travel time spent in this place.
 C = Inter-level travel time spent in this place.
 D = Time resting spent in this place.
 E = Time spent auto-exploring this place.
 F = Levels seen in this place.
 G = Mean time per level.
                   A        B        C        D        E       F      G
               +--------+--------+--------+--------+--------+-----+--------+
         Total |   1405 |   1395 |     10 |    214 |    871 |   2 |  702.5 |
       Dungeon |   1405 |   1395 |     10 |    214 |    871 |   2 |  702.5 |
               +--------+--------+--------+--------+--------+-----+--------+

Top non-repeatable levels by time:
     D:2: 754 daAuts
     D:1: 651 daAuts
